 Dungeon Crawl Stone Soup version 0.19.1 (webtiles) character file.

174 kae the Insei (level 5, 0/42 HPs)
             Began as a Demonspawn Monk on Dec 17, 2016.
             Slain by a big kobold
             ... wielding a +0 dagger
              (6 damage)
             ... in a sewer.
             The game lasted 00:03:35 (2782 turns).

kae the Insei (Demonspawn Monk)                     Turns: 2782, Time: 00:03:36

Health: 0/42       AC:  5    Str: 11    XL:     5   Next: 28%
Magic:  5/5        EV: 14    Int: 12    God:
Gold:   123        SH:  0    Dex: 16    Spells: 0 memorised, 4 levels left

rFire  . . .     SeeInvis .     n - +0 short sword (curse)
rCold  . . .     Gourm    .     a - +0 robe
rNeg   . . .     Faith    .     (no shield)
rPois  .         Spirit   .     (no helmet)
rElec  .         Reflect  .     k - +0 cloak (curse)
rCorr  .         Harm     .     (no gloves)
MR     .....                    (no boots)
Stlth  ++........               (no amulet)
                                (no ring)
                                (no ring)

@: no status effects
A: claws 1, slimy green scales 1, rot immunity
a: no special abilities


You were in a sewer.
You were not hungry.

You visited 1 branch of the dungeon, and saw 3 of its levels.
You also visited: Sewer.

You collected 123 gold pieces.

Inventory:

Hand Weapons
 n - a cursed +0 short sword (weapon)
Armour
 a - a +0 robe (worn)
 k - a cursed +0 cloak (worn)
Scrolls
 j - 2 scrolls of random uselessness
Potions
 c - 7 potions of curing
 d - a potion of haste {unknown}
 e - a potion of might {unknown}
 g - 2 potions of magic {unknown}
 i - a potion of lignification {unknown}
 l - a potion of heal wounds
 m - a potion of flight {unknown}
Comestibles
 b - 3 bread rations
 h - a slice of pizza


   Skills:
 + Level 3.9 Fighting
 + Level 3.5 Dodging
 - Level 1.7 Stealth
 * Level 4.3 Unarmed Combat


You had 4 spell levels left.
You didn't know any spells.

Dungeon Overview and Level Annotations

Branches:
Dungeon (3/15)

Altars:
Hepliaklqana
Ru
Vehumet
Zin

Annotations:
D:2 Terence
D:3 exclusions: howler monkey and orc wizard


Innate Abilities, Weirdness & Mutations

You have sharp fingernails.
You are partially covered in slimy green scales. (AC +2)
You are immune to rotting.


Message History

The big kobold hits you but does no damage.
You hit the big kobold.
The big kobold is almost dead.
The big kobold hits you but does no damage.
You closely miss the big kobold.
The big kobold is almost dead.
The big kobold hits you with a dagger.
* * * LOW HITPOINT WARNING * * *
The big kobold hits you with a dagger.
* * * LOW HITPOINT WARNING * * *
You barely miss the big kobold.
The big kobold is almost dead.
The big kobold closely misses you.
You hit the big kobold but do no damage.
The big kobold is almost dead.
The big kobold misses you.
You hit the big kobold but do no damage.
The big kobold is almost dead.
The big kobold hits you with a dagger.
You die...

....##### ..≈## #≈## #≈#
#≈# #≈# #≈# #≈# #≈##
##≈## # ...## ##≈..##
≈##
....#####≈..≈≈#####.?.#
≈...†≈≈≈≈...≈(((@K.!..#
..≈.#####.....#####..≈.#
...## ##..≈## #### ####
#####


You could see a big kobold.

Vanquished Creatures
  A big kobold (Sewer)
  2 adders (Sewer)
  A river rat (Sewer)
  An ooze (D:1)
  A worm (Sewer)
  A dart slug (D:3)
  5 leopard geckos
  5 giant cockroaches
  6 goblins
  5 hobgoblins
  3 jackals (D:2)
  4 quokkas
  2 ball pythons (Sewer)
  8 bats
  7 frilled lizards
  4 kobolds
  7 rats
63 creatures vanquished.

Notes
Turn   | Place    | Note
-------+----------+-------------------------------------------
     0 | D:1      | kae the Demonspawn Monk began the quest for the Orb.
     0 | D:1      | Reached XP level 1. HP: 18/18 MP: 1/1
   210 | D:1      | Reached skill level 3 in Unarmed Combat
   325 | D:1      | Gained mutation: You are partially covered in slimy green scales. (AC +2) [demonic ancestry]
   325 | D:1      | Reached XP level 2. HP: 24/24 MP: 2/2
  1019 | D:1      | Reached XP level 3. HP: 27/29 MP: 3/3
  1060 | D:2      | Found a radiant altar of Vehumet.
  1427 | D:2      | Noticed Terence
  1573 | D:2      | Found a glowing silver altar of Zin.
  1717 | D:3      | Found a sacrificial altar of Ru.
  1878 | D:3      | Found a hazy altar of Hepliaklqana.
  2014 | D:3      | Gained mutation: You are immune to rotting. [demonic ancestry]
  2014 | D:3      | Reached XP level 4. HP: 17/35 MP: 4/4
  2026 | D:3      | Found a glowing drain.
  2173 | Sewer    | Entered a sewer
  2734 | Sewer    | Noticed a big kobold
  2735 | Sewer    | Noticed a big kobold
  2759 | Sewer    | Killed a big kobold
  2759 | Sewer    | Reached skill level 4 in Unarmed Combat
  2759 | Sewer    | Gained mutation: You have sharp fingernails. [demonic ancestry]
  2759 | Sewer    | Reached XP level 5. HP: 12/42 MP: 5/5
  2782 | Sewer    | Slain by a big kobold

Skill      XL: |  1  2  3  4 |
---------------+-------------+-----
Unarmed Combat | 3 4 |  4.3
Dodging        | 3 |  3.5
Fighting       | |  3.9
Stealth        | |  1.7

Action                   |  1- 3 |  4- 6 || total
-------------------------+-------+-------++-------
Melee: Unarmed           |   199 |    54 ||   253
       Punch             |     1 |     2 ||     3
       Short sword       |       |    42 ||    42
  Use: Scroll            |       |     4 ||     4
       Potion            |       |     1 ||     1
 Stab: Sleeping          |    12 |       ||    12
  Eat: Chunk             |     3 |     3 ||     6
Armor: Robe              |    54 |    18 ||    72
Dodge: Dodged            |   128 |    49 ||   177
